 Dungeon Crawl Stone Soup version 0.31-a0-325-g067879e3d3 (webtiles) character file.

Game seed: 8441149042188200728

19222 Conn the Thaumaturge (level 12, -3/72 HPs)
             Began as an Octopode Fire Elementalist on July 18, 2023.
             Was an Elder of Sif Muna.
             Slain by a skyshark (5 damage)
             ... on level 2 of the Lair of Beasts.
             The game lasted 00:43:12 (14400 turns).

Conn the Thaumaturge (Octopode Fire Elementalist)  Turns: 14400, Time: 00:43:13

Health: -3/72      AC:  5    Str:  7    XL:     12   Next: 66%
Magic:  14/27      EV: 19    Int: 25    God:    Sif Muna [****..]
Gold:   807        SH:  0    Dex: 10    Spells: 16/34 levels left

rFire   . . .        C - +1 dagger of Armageddon {flame, rElec}
rCold   . . .        p - orb {guile}
rNeg    . . .        J - +2 hat
rPois   .            y - amulet of magic regeneration
rElec   +            f - +5 ring of evasion
rCorr   .            n - ring of willpower
SInv    .            (no ring)
Will    .....        (no ring)
Stlth   ++++         (no ring)
HPRegen 0.32/turn    (no ring)
MPRegen 0.60/turn    (no ring)
                     (no ring)

%: no passive effects
@: very slightly contaminated
A: almost no armour, amphibious, 8 rings, camouflage 1, gelatinous body 1,
(nimble swimmer 1), tentacles, iridescent scales 1, clever 1, clumsy 1
a: Renounce Religion, Channel Magic, Forget Spell, Divine Exegesis


You were on level 2 of the Lair of Beasts.
You worshipped Sif Muna.
Sif Muna was greatly pleased with you.
You visited 2 branches of the dungeon, and saw 13 of its levels.
You also visited: Ossuary.

You collected 807 gold pieces.

Inventory:

Hand Weapons
 b - a +6 dagger of protection
 k - a +4 spectral club
 C - the +1 dagger of Armageddon (weapon) {flame, rElec}
   (You found it on level 10 of the Dungeon)

   rElec:     It insulates you from electricity.
Missiles
 c - 5 atropa-tipped darts
 d - 28 poisoned darts
 D - 6 curare-tipped darts
Armour
 p - an orb of guile (worn)
 J - a +2 hat (worn)
Magical Staves
 a - a staff of conjuration
Jewellery
 f - a +5 ring of evasion (left tentacle)
 n - a ring of willpower (right tentacle)
 w - an amulet of the acrobat
 y - an amulet of magic regeneration (around mantle)
Talismans
 x - a talisman of death
Wands
 q - a wand of iceblast (8)
 r - a wand of polymorph (17)
 t - a wand of paralysis (8)
 N - a wand of quicksilver (5)
Scrolls
 g - 7 scrolls of fear
 h - 2 scrolls of amnesia {unknown}
 i - 2 scrolls of silence
 j - 8 scrolls of teleportation
 l - 7 scrolls of fog
 u - 2 scrolls of enchant armour
 z - 3 scrolls of identify
 B - 2 scrolls of brand weapon
 E - a scroll of revelation
 G - a scroll of torment
 H - 3 scrolls of immolation
 K - a scroll of summoning {unknown}
 M - a scroll of enchant weapon
 O - a scroll of poison {unknown}
Potions
 e - a potion of resistance
 m - 4 potions of curing
 o - 2 potions of attraction
 s - 3 potions of heal wounds
 v - 2 potions of might
 A - 2 potions of magic
 F - 2 potions of haste
 L - a potion of enlightenment


   Skills:
 + Level 2.5 Fighting
 + Level 2.6 Short Blades
 + Level 0.8(1.0) Maces & Flails
 + Level 0.6(1.0) Staves
 + Level 4.8 Dodging
 + Level 6.9 Stealth
 * Level 11.8 Spellcasting
 * Level 7.9 Conjurations
 + Level 2.3 Hexes
 + Level 1.3 Translocations
 + Level 10.3 Fire Magic
 * Level 7.0 Invocations


You had 16 spell levels left.
You knew the following spells:

 Your Spells              Type           Power      Damage    Failure   Level
a - Foxfire               Conj/Fire      100%       2x1d9     1%          1
b - Scorch                Fire           100%       2d9       1%          2
c - Inner Flame           Hex/Fire       46%        N/A       1%          3
d - Flame Wave            Conj/Fire      57%        2d14      1%          4
e - Iskenderun's Mystic   Conj/Tloc      38%        2d9       6%          4
f - Fulminant Prism       Conj/Hex       20%        3d12      4%          4

Your spell library contained the following spells:

 Spells                   Type           Power      Damage    Failure   Level
 Kiss of Death            Conj/Necr      100%       2d13      1%          1
 Magic Dart               Conj           100%       1d8       1%          1
 Searing Ray              Conj           100%       2d8       1%          2
 Volatile Blastmotes      Fire/Tloc      88%        2d17      1%          3
 Confusing Touch          Hex            26%        N/A       4%          3
 Dispel Undead            Necr           14%        3d10      38%         4


Dungeon Overview and Level Annotations

Branches:
Dungeon (11/15)            Temple (0/1) D:5            Lair (2/5) D:10
Ossuary (visited)
  Swamp: Lair:2-3    Shoals: Lair:2-3     Snake: Lair:2-3    Spider: Lair:2-3
    Orc: D:9-12

Altars:
Gozag
Ru
Sif Muna
Wu Jian
Xom
Yredelemnul
The Shining One

Shops:
D:2 :   D:9 :

Annotations:
D:9 3 runed translucent doors, Querens's ghost, novice TrMo


Innate Abilities, Weirdness & Mutations

You cannot wear most types of armour.
You are amphibious.
You can wear up to eight rings at the same time.
Your skin changes colour to match your surroundings (Stealth+).
Your rubbery body absorbs attacks. (AC +1, EV +1)
((You are camouflaged when in or above water. (Stealth+)))
You have tentacles for arms and can constrict up to eight enemies at once.
You are partially covered in iridescent scales. (AC +2)
Your mind is acute. (Int +4, Str/Dex -1)
You are clumsy. (Dex -2)


Message History

You hear an angry hiss.
The +1 dagger of Armageddon {flame, rElec} bursts into flame!
C - the +1 dagger of Armageddon (weapon)
{flame, rElec} The skyshark bites you!
The skyshark tastes blood and grows stronger!
The skyshark tail-slaps you but does no damage.
The skyshark barely misses you.
Casting: Scorch (safe; 1% risk of failure)
Confirm with . or Enter, or press ? or * to list all spells.
Casting: Flame Wave (dangerous; 1% risk of failure)
Press: ? - help, Dir - look around, f - activate A wave of flame ripples out!
The flame wave engulfs the skyshark!
The skyshark is burned terribly!
The skyshark is moderately wounded. (Press . to intensify the flame waves.)
The skyshark bites you.
The skyshark enters a blood-rage!
The skyshark tail-slaps you! x2
Unknown command.
Unknown command.
Casting: Flame Wave (dangerous; 1% risk of failure)
Confirm with . or Enter, or press ? or * to list all spells.
You miscast Iskenderun's Mystic Blast.
You are very lightly contaminated with residual magic.
Nothing appears to happen.
A wyvern comes into view.
The skyshark closely misses you. x2; The skyshark barely misses you.
Unknown command.
Casting: Iskenderun's Mystic Blast (dangerous; 6% risk of failure)
Confirm with . or Enter, or press ? or * to list all spells.
You erupt in a blast of force!
The mystic blast hits the skyshark!
The skyshark is heavily wounded.
The skyshark bites you!!
* * * LOW HITPOINT WARNING * * *
The skyshark tail-slaps you!
* * * LOW HITPOINT WARNING * * *
The skyshark tail-slaps you.
* * * LOW HITPOINT WARNING * * *
The skyshark closely misses you. The skyshark misses you.
The skyshark tail-slaps you.
You die...

#..## ##†.
#.## #..
###.## #..
#P...###
#..
##.....###
##.
####..#.#
#.. ##...#
##. ##..##
#P. #.@.#
#P.
#.#l..#
##P
..##...#
###. ....
#...# ....
...l..
..... .##.
......
...... ##
......
...#. #
.... ...#
######
##..##.


You could see a skyshark (berserk, combustible) and a wyvern.

Vanquished Creatures
  A hydra (Lair:1)
  A two-headed ogre (D:9)
  A boulder beetle (D:11)
  A skyshark (Lair:2)
  A lindwurm (Lair:1)
  Pikel (D:4)
  An ugly thing (D:11)
  2 black mambas
  5 elephants
  7 cane toads
  2 komodo dragons (Lair:2)
  A rime drake (Lair:1)
  A polar bear (Lair:2)
  A hornet (D:8)
  2 trolls (D:10)
  7 blink frogs (Lair:1)
  Sigmund (D:2)
  A shadow (D:11)
  6 yaks
  A wraith (D:11)
  5 wyverns
  A steam dragon (D:7)
  2 basilisks
  3 vampire mosquitoes (D:11)
  An acid dragon (D:11)
  6 water moccasins
  An ice beast (D:6)
  3 orc warriors
  2 black bears
  6 centaurs
  3 wolves (Lair:1)
  2 lemures (D:4)
  A phantom (D:7)
  Blork the orc (D:4)
  3 kobold brigands
  3 bullfrogs
  2 gnoll sergeants
  8 scorpions
  5 wights (D:8)
  19 killer bees
  7 howler monkeys
  3 centaur zombies (Ossuary)
  A jelly (D:5)
  Crazy Yiuf (D:3)
  3 orc priests
  2 human zombies (Ossuary)
  A gnoll bouda (D:10)
  5 hounds
  4 orc wizards
  Jessica (D:2)
  3 iguanas
  4 scorpion zombies (Ossuary)
  Natasha (twice) (D:3)
  3 mummies (Ossuary)
  Robin (D:4)
  16 gnolls
  5 adders
  5 shadow imps
  A white imp (D:6)
  An ufetubus (D:5)
  2 worms
  A dart slug (D:2)
  20 orcs
  12 bats
  8 endoplasms
  2 giant cockroaches (D:3)
  5 gnoll zombies (Ossuary)
  11 hobgoblins
  11 jackals
  22 kobolds
  3 quokkas
  12 ball pythons
  5 frilled lizards
  18 goblins
  2 goblin zombies (Ossuary)
  2 hobgoblin zombies (Ossuary)
  2 kobold zombies (Ossuary)
  2 orc zombies (Ossuary)
  8 rats
338 creatures vanquished.

Vanquished Creatures (others)
  817 foxfires
  7 fulminant prisms
824 creatures vanquished.

Grand Total: 1162 creatures vanquished

Notes
Turn   | Place    | Note
-------+----------+-------------------------------------------
     0 | D:1      | Conn the Octopode Fire Elementalist began the quest for the
                  | Orb.
     0 | D:1      | Reached XP level 1. HP: 11/11 MP: 3/3
   302 | D:1      | Reached XP level 2. HP: 15/17 MP: 0/5
   748 | D:1      | Reached XP level 3. HP: 14/21 MP: 6/6
  1071 | D:2      | Noticed Jessica
  1199 | D:2      | Learned a level 2 spell: Scorch
  1223 | D:2      | Learned a level 3 spell: Inner Flame
  1276 | D:2      | Found a sacrificial altar of Ru.
  1324 | D:2      | Found Juetrena's Book Shoppe.
  1362 | D:2      | Reached XP level 4. HP: 27/27 MP: 3/7
  1485 | D:2      | Found a faded altar of an unknown god.
  1679 | D:2      | Killed Jessica
  1753 | D:2      | Noticed Sigmund
  1913 | D:3      | Reached XP level 5. HP: 32/32 MP: 2/8
  2042 | D:3      | Found an opulent altar of Gozag.
  2219 | D:3      | Found a runed translucent door.
  2220 | D:3      | Noticed Crazy Yiuf
  2238 | D:3      | Killed Crazy Yiuf
  2749 | D:3      | Noticed Natasha
  2757 | D:3      | Killed Natasha
  3057 | D:4      | Noticed Robin
  3132 | D:4      | Found a glowing golden altar of the Shining One.
  3138 | D:4      | Reached skill level 1 in Fighting
  3138 | D:4      | Reached XP level 6. HP: 38/38 MP: 3/10
  3253 | D:4      | Found an ornate altar of the Wu Jian Council.
  3282 | D:4      | Noticed Pikel
  3544 | D:3      | Noticed Natasha
  3548 | D:3      | Killed Natasha
  3618 | D:4      | Killed Robin
  3619 | D:4      | Reached skill level 5 in Fire Magic
  3857 | D:4      | Noticed Blork the orc
  4048 | D:4      | Killed Pikel
  4049 | D:4      | Reached skill level 1 in Short Blades
  4049 | D:4      | Reached skill level 3 in Spellcasting
  4049 | D:4      | Reached XP level 7. HP: 43/43 MP: 0/12
  4677 | D:5      | Entered Level 5 of the Dungeon
  4681 | D:5      | Reached skill level 4 in Spellcasting
  4754 | D:5      | Learned a level 4 spell: Flame Wave
  4987 | D:5      | Reached XP level 8. HP: 48/48 MP: 9/14
  5036 | D:5      | Found a basalt altar of Yredelemnul.
  5176 | D:5      | Found a shimmering blue altar of Sif Muna.
  5180 | D:5      | Became a worshipper of Sif Muna the Loreminder
  5335 | D:5      | Found a staircase to the Ecumenical Temple.
  5391 | D:5      | Found a sacrificial altar of Ru.
  5704 | D:6      | Reached skill level 5 in Stealth
  5750 | D:6      | Reached skill level 5 in Spellcasting
  5784 | D:6      | Reached skill level 1 in Hexes
  6166 | D:6      | Learned a level 4 spell: Iskenderun's Mystic Blast
  6171 | D:6      | Learned a level 4 spell: Fulminant Prism
  6526 | D:7      | Reached XP level 9. HP: 53/53 MP: 11/17
  6773 | D:7      | Reached skill level 1 in Invocations
  6847 | D:7      | Reached skill level 6 in Spellcasting
  7051 | D:7      | Reached * piety under Sif Muna
  7259 | D:4      | Killed Blork the orc
  7421 | D:2      | Killed Sigmund
  7821 | D:8      | Found a sand-covered staircase.
  7825 | Ossuary  | Entered an ossuary
  7983 | Ossuary  | Reached ** piety under Sif Muna
  8138 | Ossuary  | Identified a scroll of acquirement
  8139 | Ossuary  | Acquired a staff of conjuration
  8408 | Ossuary  | Gained mutation: You are weak. (Str -2) [potion of
                  | mutation]
  8408 | Ossuary  | Gained mutation: You are frail. (-10% HP) [potion of
                  | mutation]
  8409 | Ossuary  | Lost mutation: You are frail. (-10% HP) [potion of
                  | mutation]
  8409 | Ossuary  | Lost mutation: You are weak. (Str -2) [potion of mutation]
  8409 | Ossuary  | Gained mutation: You occasionally shout uncontrollably at
                  | your foes. [potion of mutation]
  8409 | Ossuary  | Gained mutation: You occasionally lose the ability to drink
                  | potions when taking damage. [potion of mutation]
  8409 | Ossuary  | Gained mutation: You are clumsy. (Dex -2) [potion of
                  | mutation]
  8409 | Ossuary  | Gained mutation: You are covered in fur. (AC +1) [potion of
                  | mutation]
  8410 | Ossuary  | Lost mutation: You occasionally shout uncontrollably at
                  | your foes. [potion of mutation]
  8410 | Ossuary  | Lost mutation: You are covered in fur. (AC +1) [potion of
                  | mutation]
  8410 | Ossuary  | Gained mutation: You occasionally lose the ability to read
                  | scrolls when taking damage. [potion of mutation]
  8410 | Ossuary  | Lost mutation: You are clumsy. (Dex -2) [potion of
                  | mutation]
  8410 | Ossuary  | Gained mutation: You are covered in fur. (AC +1) [potion of
                  | mutation]
  8437 | D:8      | Reached skill level 7 in Spellcasting
  8437 | D:8      | Reached XP level 10. HP: 57/60 MP: 15/20
  8650 | D:8      | Reached skill level 5 in Conjurations
  8887 | D:9      | Noticed a two-headed ogre
  8938 | D:9      | Found a shimmering altar of Xom.
  9308 | D:9      | Found a runed translucent gate.
  9308 | D:9      | Found a runed translucent gate.
  9308 | D:9      | Found a runed translucent gate.
  9308 | D:9      | Found an opulent altar of Gozag.
  9309 | D:9      | Noticed Querens's ghost (novice TrMo)
  9309 | D:9      | Noticed a centaur warrior
  9348 | D:9      | Reached skill level 8 in Spellcasting
  9352 | D:9      | Killed a two-headed ogre
  9484 | D:9      | Reached *** piety under Sif Muna
  9920 | D:9      | Found Vaumoc's Book Boutique.
 10030 | D:10     | Entered Level 10 of the Dungeon
 10156 | D:10     | Found a staircase to the Lair.
 10185 | D:10     | Reached skill level 9 in Spellcasting
 10185 | D:10     | Reached XP level 11. HP: 60/64 MP: 15/24
 10443 | D:10     | Reached skill level 5 in Invocations
 10729 | D:10     | Identified the +1 dagger of Armageddon {flame, rElec}
 11332 | D:11     | Noticed a boulder beetle
 11422 | D:11     | Killed a boulder beetle
 11930 | D:11     | Lost mutation: You are covered in fur. (AC +1) [potion of
                  | mutation]
 11930 | D:11     | Lost mutation: You occasionally lose the ability to drink
                  | potions when taking damage. [potion of mutation]
 11930 | D:11     | Lost mutation: You occasionally lose the ability to read
                  | scrolls when taking damage. [potion of mutation]
 11930 | D:11     | Gained mutation: You are partially covered in iridescent
                  | scales. (AC +2) [potion of mutation]
 11930 | D:11     | Gained mutation: You are clumsy. (Dex -2) [potion of
                  | mutation]
 11930 | D:11     | Gained mutation: Your mind is acute. (Int +4, Str/Dex -1)
                  | [potion of mutation]
 12045 | D:11     | Noticed a purple ugly thing
 12053 | D:11     | Killed a purple ugly thing
 12321 | Lair:1   | Entered Level 1 of the Lair of Beasts
 12460 | Lair:1   | Reached skill level 10 in Spellcasting
 12753 | Lair:1   | Reached **** piety under Sif Muna
 12983 | Lair:1   | Noticed an eight-headed hydra
 12999 | Lair:1   | Killed an eight-headed hydra
 13005 | Lair:1   | Reached skill level 1 in Translocations
 13005 | Lair:1   | Reached XP level 12. HP: 24/72 MP: 9/26
 13285 | Lair:1   | Reached skill level 11 in Spellcasting
 13605 | Lair:1   | Reached skill level 10 in Fire Magic
 14156 | Lair:2   | Noticed a skyshark
 14200 | Lair:2   | Killed a skyshark
 14393 | Lair:2   | Noticed a skyshark
 14400 | Lair:2   | HP: 2/72 [skyshark (2)]
 14400 | Lair:2   | Slain by a skyshark

Illustrated notes

Levels and vault maps discovered:
D:1:      scummos_arrival_simple_crosswalls, layout_loops_cross, serial_forest,
          infiniplex_forest_lined_3_way, infiniplex_forest_clump_diagonal,
          infiniplex_forest_corner_2, infiniplex_forest_clump_cross,
          infiniplex_forest_lined_1, minmay_shallow_snake_nest
D:2:      layout_basic, basic_altar, hellmonk_ecumenical_altar_lost_god,
          serial_shops, nicolae_shop_hallway_stairs, guppyfry_early_orc_mine,
          uniq_jessica, uniq_sigmund
D:3:      minmay_chambers_of_twos, layout_basic, lemuel_doored_altar,
          feat_on_display, uniq_natasha, uniq_crazy_yiuf_cottage
D:4:      layout_loops_ring, mainiacjoe_overflow_cross_hatched,
          nzn_wu_jian_contemplation, roderic_roman_lattice,
          nicolae_figureground_sparkle, uniq_blork_the_orc, uniq_pikel,
          uniq_robin
D:5:      layout_loops_ring, mainiacjoe_overflow_small_starburst,
          nicolae_sif_muna_little_library, overflow_temple_1_default,
          minmay_temple_entry_enclosed_plants
D:6:      layout_loops_ring
D:7:      layout_loops_ring
D:8:      layout_rooms, nicolae_ossuary_entry_false_entrances
D:9:      layout_cave_pools, mainiacjoe_overflow_alcove_4, serial_shops, shop,
          ebering_ghost_gozag
D:10:     layout_stronghold, david_lair_generic
D:11:     lemuel_flame_loot_2, layout_long_grid, small_statue_intersection,
          chequers_serial_rivers_small_3
Lair:1:   layout_regular_city, hangedman_lair_generics_rect,
          serial_bayou_shore_b
Lair:2:   layout_cave_pods, pdpol_lair_neglected_garden

Skill      XL: |  1  2  3  4  5  6  7  8  9 10 11 12 |
---------------+-------------------------------------+-----
Stealth        | 3 4 6 |  6.9
Fire Magic     | 4 5 6 8 9 10 | 10.3
Conjurations   | 2 3 4 5 7 |  7.9
Fighting       | 1 2 |  2.5
Short Blades   | 1 2 |  2.6
Spellcasting   | 3 4 5 7 9 10 11 | 11.8
Dodging        | 3 4 |  4.8
Hexes          | 1 2 |  2.3
Invocations    | 3 4 6 7 |  7.0
Translocations | 1 |  1.3
Maces & Flails | |  0.8
Staves         | |  0.6

Action                     |  1- 3 |  4- 6 |  7- 9 | 10-12 || total
---------------------------+-------+-------+-------+-------++-------
  Melee: Unarmed           |     5 |       |       |       ||     5
         Dagger            |    62 |    22 |    64 |       ||   148
         Constrict         |    15 |    13 |     9 |     3 ||    40
         Tentacles         |    11 |    12 |    13 |     9 ||    45
         Club              |       |    37 |       |       ||    37
         Staff             |       |       |     1 |    30 ||    31
   Cast: Foxfire           |    29 |    83 |   145 |   208 ||   465
         Scorch            |     1 |    23 |    20 |    95 ||   139
         Inner Flame       |       |     2 |     6 |    14 ||    22
         Flame Wave        |       |       |    14 |    40 ||    54
         Iskenderun's Myst |       |       |       |    11 ||    11
         Fulminant Prism   |       |       |       |     7 ||     7
 Invoke: Channel Magic     |       |       |       |     3 ||     3
    Use: Scroll            |     1 |     4 |    11 |     5 ||    21
         Potion            |       |       |     5 |    11 ||    16
   Stab: Sleeping          |     6 |     8 |    12 |     2 ||    28
         Distracted        |       |       |     1 |       ||     1
 Armour: Skin              |    10 |    43 |    12 |    40 ||   105
  Dodge: Dodged            |    70 |    49 |   103 |   146 ||   368

Table legend: (Time is in decaauts)
 A = Elapsed time spent in this place.
 B = Non-inter-level travel time spent in this place.
 C = Inter-level travel time spent in this place.
 D = Time resting spent in this place.
 E = Time spent auto-exploring this place.
 F = Levels seen in this place.
 G = Mean time per level.
                   A        B        C        D        E       F      G
               +--------+--------+--------+--------+--------+-----+--------+
         Total |  14369 |  13842 |    527 |   1030 |   9140 |  14 | 1026.4 |
       Dungeon |  11705 |  11200 |    505 |    797 |   7485 |  11 | 1064.1 |
          Lair |   2078 |   2057 |     21 |      0 |   1654 |   2 | 1039.0 |
       Ossuary |    585 |    585 |      0 |    233 |      1 |   1 |  585.0 |
               +--------+--------+--------+--------+--------+-----+--------+

Top non-repeatable levels by time:
     D:3: 1713 daAuts
  Lair:1: 1484 daAuts
     D:4: 1441 daAuts
    D:10: 1311 daAuts
     D:1: 1056 daAuts
     D:5: 1028 daAuts
    D:11: 983 daAuts
     D:8: 976 daAuts
     D:2: 927 daAuts
     D:6: 892 daAuts
     D:9: 724 daAuts
     D:7: 650 daAuts
  Lair:2: 594 daAuts
 Ossuary: 585 daAuts
